 Dungeon Crawl Stone Soup version 0.30-a0-772-g5528072125 (webtiles) character file.

Game seed: 4956706257284874297

24 holysushi the Cutter (level 3, 19/19 HPs)
             Began as a Vine Stalker Monk on Feb 13, 2023.
             Was a Priest of Wu Jian.
             Quit the game on level 1 of the Dungeon.
             The game lasted 00:01:18 (776 turns).

holysushi the Cutter (Vine Stalker Monk)             Turns: 776, Time: 00:01:19

Health: 19/19      AC:  2    Str: 13    XL:     3   Next: 2%
Magic:  4/4        EV: 13    Int: 10    God:    Wu Jian [***...]
Gold:   27         SH:  0    Dex: 18    Spells: 2/2 levels left

rFire   . . .      SeeInvis .    a - +0 short sword
rCold   . . .      Faith    .    (no shield)
rNeg    . . .      Spirit   +    b - +0 robe
rPois   .          Reflect  .    (no helmet)
rElec   .          Harm     .    (no cloak)
rCorr   .          Rampage  .    (no gloves)
Will    .....                    (no boots)
Stlth   ++                       (no amulet)
HPRegen 0.23/turn                (no ring)
MPRegen 0.09/turn                (no ring)

@: no status effects
A: fangs 2, magic shield, antimagic bite, no potion heal 2
a: Renounce Religion, Wall Jump, Serpent's Lash


You were on level 1 of the Dungeon.
You worshipped Wu Jian.
Wu Jian was most pleased with you.
You visited 1 branch of the dungeon, and saw 1 of its levels.

You collected 27 gold pieces.

Inventory:

Hand Weapons
 a - a +0 short sword (weapon)
Armour
 b - a +0 robe (worn)
Scrolls
 d - a scroll of enchant weapon {unknown}
 e - a scroll of immolation {unknown}
 g - a scroll of teleportation {unknown}
Potions
 c - a potion of ambrosia
 f - a potion of mutation {unknown}


   Skills:
 - Level 2.6 Fighting
 + Level 3.7 Short Blades
 - Level 2.4 Dodging
 - Level 2.4 Stealth


You had 2 spell levels left.
You didn't know any spells.
Your spell library was empty.

Dungeon Overview and Level Annotations

Branches:
Dungeon (1/15) Zot: 5233

Altars:
Wu Jian


Innate Abilities, Weirdness & Mutations

You have extremely sharp teeth.
When hurt, damage is shared between your health and your magic reserves.
Your bite disrupts and absorbs the magic of your enemies.
Potions cannot restore your health.


Message History

The Council accepts your kill.
A goblin comes into view. It is wielding a +0 club.
A goblin is nearby!
A goblin is nearby!
A goblin is nearby!
The goblin shouts!
You hit the goblin.
You kill the goblin!
The Council accepts your kill.
Things that are here:
a +0 club; a goblin corpse
There is an open door here.
Found a stone staircase leading down.
You open the door.
There is an open door here.
A rat comes into view.
A rat is nearby!
A rat is nearby!
A rat is nearby!
A hobgoblin comes into view.
Found 11 gold pieces.
The rat barely misses you.
You hit the rat.
You kill the rat!
The Council accepts your kill.
The hobgoblin shouts!
You hit the hobgoblin but do no damage. You hit the hobgoblin but do no damage.
The hobgoblin closely misses you.
You closely miss the hobgoblin. Your bite misses the hobgoblin.
The hobgoblin barely misses you.
You hit the hobgoblin.
The hobgoblin is moderately wounded.
The hobgoblin misses you.
You hit the hobgoblin.
You kill the hobgoblin!
The Council accepts your kill.
You have reached level 3!
Your experience leads to an increase in your attributes!
Increase (S)trength, (I)ntelligence, or (D)exterity?
You feel agile. x2
Are you sure you want to abandon this character and quit the game? (Confirm with "yes".)

.# #########.⌠..###'##.#####
.# #...#∩#8#......## .#
#.#8#_#†..#.....## .#
..#.###..⌠.#.....## .#
.#.#..#8.⌠..##'##### .# #. #
#..##...#.#.### # .#.# #
#..#.###.##.#.# # .#.###
#.#$####..## #.##.#.### .#...
.......@..#####'##.#.#.. .#..#
#########........#†#.#.# .#..#
..................#.... .#..#
#######...........##### .#..##
......................# ..(..#
########.#######..#.####
...#'# ...........#...#..#.#
####)#####.######............#
#..#.#..## #............#


There were no monsters in sight!

Vanquished Creatures
  3 ball pythons (D:1)
  2 endoplasms (D:1)
  A giant cockroach (D:1)
  2 goblins (D:1)
  2 hobgoblins (D:1)
  4 jackals (D:1)
  A quokka (D:1)
  3 bats (D:1)
  A frilled lizard (D:1)
  2 rats (D:1)
21 creatures vanquished.

Notes
Turn   | Place    | Note
-------+----------+-------------------------------------------
     0 | D:1      | holysushi the Vine Stalker Monk began the quest for the
                  | Orb.
     0 | D:1      | Reached XP level 1. HP: 11/11 MP: 2/2
   137 | D:1      | Found a faded altar of an unknown god.
   146 | D:1      | Prayed at the altar of an unknown god.
   146 | D:1      | Became a worshipper of the Wu Jian Council
   146 | D:1      | Reached * piety under Wu Jian
   146 | D:1      | Reached ** piety under Wu Jian
   172 | D:1      | Reached skill level 3 in Short Blades
   342 | D:1      | Reached XP level 2. HP: 12/16 MP: 1/3
   372 | D:1      | Reached *** piety under Wu Jian
   775 | D:1      | Reached XP level 3. HP: 19/19 MP: 4/4
   776 | D:1      | Quit the game

Illustrated notes

Levels and vault maps discovered:
D:1:      nzn_arrival_crosshair, layout_basic, shapermc_ecumenical_altar_venn

Skill      XL: |  1 |
---------------+----+-----
Short Blades   | 3 |  3.7
Fighting       | |  2.6
Dodging        | |  2.4
Stealth        | |  2.4

Action                     || total
---------------------------++-------
  Melee: Short sword       ||    66
         Bite              ||    18
Ability: Lunge             ||     7
         Whirlwind         ||     2
   Stab: Sleeping          ||     4
 Armour: Robe              ||    14
  Dodge: Dodged            ||    44

Table legend: (Time is in decaauts)
 A = Elapsed time spent in this place.
 B = Non-inter-level travel time spent in this place.
 C = Inter-level travel time spent in this place.
 D = Time resting spent in this place.
 E = Time spent auto-exploring this place.
 F = Levels seen in this place.
 G = Mean time per level.
                   A        B        C        D        E       F      G
               +--------+--------+--------+--------+--------+-----+--------+
         Total |    766 |    766 |      0 |     59 |    525 |   1 |  766.0 |
       Dungeon |    766 |    766 |      0 |     59 |    525 |   1 |  766.0 |
               +--------+--------+--------+--------+--------+-----+--------+

Top non-repeatable levels by time:
     D:1: 766 daAuts
